 Dungeon Sprint DCSS version 0.31-a0-18-gea43df2a32 (webtiles) character file.

Game seed: 8005650085202446870

11731 bmack86 the Severer (level 11, -5/175 HPs)
             Began as a Minotaur Berserker on May 11, 2023.
             Was the Champion of Trog.
             Slain by the 23-headed Lernaean hydra (12 damage)
             ... in the Dungeon (Sprint I: "Red Sonja").
             The game lasted 00:20:16 (1836 turns).

bmack86 the Severer (Minotaur Berserker)            Turns: 1836, Time: 00:20:17

Health: -5/175     AC: 19    Str: 25    XL:     11   Next: 53%
Magic:  10/10      EV: 10    Int:  4    God:    Trog [******]
Gold:   1137       SH: 10    Dex: 11    Spells: 10/10 levels left

rFire   . . .        p - +4 broad axe (flame)
rCold   . . .        A - +0 kite shield
rNeg    . . .        n - +1 scale mail {rPois}
rPois   +            (helmet restricted)
rElec   .            m - +2 cloak {Stlth+}
rCorr   .            b - +0 pair of gloves
SInv    .            B - +0 pair of boots {Stlth+}
Will    .....        x - amulet of regeneration Stlth
                     (no ring)
HPRegen 1.29/turn    (no ring)
MPRegen 0.12/turn

%: no teleportation
@: berserking, quick
A: horns 2, retaliatory headbutt
a: Renounce Religion, Berserk, Trog's Hand, Brothers in Arms


You were in the Dungeon.
You worshipped Trog.
Trog was exalted by your worship.
You visited 1 branch You collected 2890 gold pieces.
You spent 1753 gold pieces at shops.

Inventory:

Hand Weapons
 a - a +0 hand axe
 j - a +0 battleaxe
 l - the +2 hand axe of Zatus {flame, rCorr Str+5}
   (Trog gifted it to you in the Dungeon)

   Str:       It affects your strength (+5).
   rCorr:     It protects you from acid and corrosion.
 p - a +4 broad axe of flaming (weapon)
 z - a +1 antimagic hand axe
 C - a +3 antimagic battleaxe
Armour
 b - a +0 pair of gloves (worn)
 m - a +2 cloak of stealth (worn)
 n - a +1 scale mail of poison resistance (worn)
 A - a +0 kite shield (worn)
 B - a +0 pair of boots of stealth (worn)
Jewellery
 u - an amulet of magic regeneration
 x - an amulet of regeneration (around neck)
 y - a ring of resist corrosion
Wands
 i - a wand of polymorph (3)
Scrolls
 h - a scroll of blinking
 s - 3 scrolls of fear
 v - 2 scrolls of amnesia {unknown}
 w - a scroll of fog {unknown}
Potions
 d - 2 potions of heal wounds
 f - 2 potions of magic
 g - 2 potions of berserk rage
 k - a potion of invisibility
 o - 3 potions of curing
 q - a potion of brilliance {unknown}
 r - 2 potions of might
Miscellaneous
 t - a phantom mirror


   Skills:
 + Level 17.4 Fighting
 + Level 17.4 Axes
 - Level 10.0 Throwing
 + Level 17.3 Armour
 - Level 2.1 Dodging
 + Level 9.1 Shields
 - Level 8.0 Evocations


You had 10 spell levels left.
You didn't know any spells.
Your spell library was empty.

Dungeon Overview and Level Annotations

Branches:
Dungeon (1/1)

Altars:
Cheibriados
Dithmenos
Elyvilon
Fedhas
Gozag
Hepliaklqana
Kikubaaqudgha
Makhleb
Nemelex Xobeh
Okawaru
Qazlal
Ru
Sif Muna
Trog
Uskayaw
Vehumet
Wu Jian
Xom
Yredelemnul
Zin
The Shining One
Jiyva
Lugonu

Shops:
D ([(*=(:**!!=[!:[=

Annotations:
D exclusion: oklob plant, Lernaean hydra


Innate Abilities, Weirdness & Mutations

You have a pair of horns on your head.
You reflexively headbutt those who attack you in melee.


Message History

The 24-headed Lernaean hydra is severely wounded.
Your unstable footing causes you to fumble your attack.
The 24-headed Lernaean hydra bites you but does no damage.
The 24-headed Lernaean hydra bites you!
The 24-headed Lernaean hydra bites you but does no damage. x3
The 24-headed Lernaean hydra bites you.
* * * LOW HITPOINT WARNING * * *
The 24-headed Lernaean hydra closely misses you.
The 24-headed Lernaean hydra misses you.
The 24-headed Lernaean hydra bites you!
* * * LOW HITPOINT WARNING * * *
The 24-headed Lernaean hydra completely misses you.
The 24-headed Lernaean hydra bites you!
* * * LOW HITPOINT WARNING * * *
The 24-headed Lernaean hydra bites you but does no damage. x4
The 24-headed Lernaean hydra bites you.
* * * LOW HITPOINT WARNING * * *
The 24-headed Lernaean hydra bites you but does no damage.
The 24-headed Lernaean hydra bites you!
* * * LOW HITPOINT WARNING * * *
You block the 24-headed Lernaean hydra's attack. x2
The 24-headed Lernaean hydra bites you!
* * * LOW HITPOINT WARNING * * *
The 24-headed Lernaean hydra barely misses you.
The 24-headed Lernaean hydra bites you but does no damage. x2
Your unstable footing causes you to fumble your attack.
You lop one of the 24-headed Lernaean hydra's heads off!
The flame cauterises the wound!
You slash the 23-headed Lernaean hydra! You burn the 23-headed Lernaean hydra.
The 23-headed Lernaean hydra is almost dead.
The 23-headed Lernaean hydra bites you!
* * * LOW HITPOINT WARNING * * *
The 23-headed Lernaean hydra bites you but does no damage.
The 23-headed Lernaean hydra bites you.
* * * LOW HITPOINT WARNING * * *
The 23-headed Lernaean hydra bites you but does no damage.
You block the 23-headed Lernaean hydra's attack.
The 23-headed Lernaean hydra bites you but does no damage.
The 23-headed Lernaean hydra bites you!
You die...

#M≈..# ###..#
#.'..# #^##'##
#^#~~~##
#.#~~~~##
..#~~~~~# #####
####~~~~#~~~~○#
#..#'~~@D~~°○☼'
#...##~~#~~~○☼#
#....#### #+###
#....# ######


You could see the 23-headed Lernaean hydra.

Vanquished Creatures
  A deep elf annihilator (D)
  A hydra (D)
  2 centaur warriors (D)
  A deep troll (D)
  A lindwurm (D)
  An oklob plant (D)
  2 merfolk sirens (D)
  2 demonic crawlers (D)
  2 kobold demonologists (D)
  A hellwing (D)
  5 hornets (D)
  A slime creature (D)
  Sigmund (D)
  A yak (D)
  13 hogs (D)
  2 redbacks (D)
  A naga (D)
  3 floating eyes (D)
  An ogre (D)
  4 jellies (D)
  Ijyb (D)
  A ballistomycete spore (D)
48 creatures vanquished.

Vanquished Creatures (collateral kills)
  2 demonic crawlers (D)
  2 unseen horrors (D)
  7 necrophages (D)
  4 jellies (D)
15 creatures vanquished.

Vanquished Creatures (others)
  A gargoyle (D)
  A ballistomycete spore (D)
2 creatures vanquished.

Grand Total: 65 creatures vanquished

Notes
Turn   | Place    | Note
-------+----------+-------------------------------------------
     0 | D        | bmack86 the Minotaur Berserker began the quest for the Orb.
     0 | D        | Reached XP level 1. HP: 19/19 MP: 0/0
     2 | D        | Noticed Ijyb
    15 | D        | Killed Ijyb
    16 | D        | Reached skill level 5 in Fighting
    16 | D        | Reached skill level 5 in Axes
    16 | D        | Reached XP level 2. HP: 18/29 MP: 1/1
    80 | D        | Noticed an ogre
    82 | D        | Killed an ogre
    83 | D        | Reached XP level 3. HP: 38/38 MP: 2/2
    83 | D        | Reached XP level 4. HP: 45/45 MP: 3/3
   114 | D        | Noticed Sigmund
   119 | D        | Killed Sigmund
   119 | D        | Reached ** piety under Trog
   120 | D        | Reached XP level 5. HP: 56/56 MP: 4/4
   159 | D        | Found a burning altar of Makhleb.
   159 | D        | Found a viscous altar of Jiyva.
   159 | D        | Found a shimmering altar of Xom.
   159 | D        | Found a corrupted altar of Lugonu.
   159 | D        | Noticed a slime creature
   166 | D        | Killed a slime creature
   167 | D        | Reached skill level 5 in Evocations
   167 | D        | Reached XP level 6. HP: 64/64 MP: 5/5
   206 | D        | Found an ornate altar of the Wu Jian Council.
   206 | D        | Found a shimmering blue altar of Sif Muna.
   208 | D        | Found a radiant altar of Vehumet.
   241 | D        | Found Mogosob's Antique Armour Emporium.
   241 | D        | Found an ancient bone altar of Kikubaaqudgha.
   241 | D        | Found a hazy altar of Hepliaklqana.
   241 | D        | Found a stormy altar of Qazlal.
   241 | D        | Found a hide-covered altar of Uskayaw.
   241 | D        | Found a blossoming altar of Fedhas.
   241 | D        | Found a bloodstained altar of Trog.
   241 | D        | Found an iron altar of Okawaru.
   241 | D        | Found a basalt altar of Yredelemnul.
   241 | D        | Found a glowing golden altar of the Shining One.
   241 | D        | Found a snail-covered altar of Cheibriados.
   241 | D        | Found a sacrificial altar of Ru.
   241 | D        | Found a glowing silver altar of Zin.
   241 | D        | Found a shadowy altar of Dithmenos.
   241 | D        | Found a white marble altar of Elyvilon.
   241 | D        | Noticed a yak
   243 | D        | Killed a yak
   244 | D        | Reached skill level 10 in Fighting
   244 | D        | Reached skill level 10 in Axes
   244 | D        | Reached XP level 7. HP: 72/72 MP: 6/6
   244 | D        | Found an opulent altar of Gozag.
   245 | D        | Found a sparkling altar of Nemelex Xobeh.
   249 | D        | Bought a glowing scale mail for 189 gold pieces
   294 | D        | Noticed a kobold demonologist
   294 | D        | Noticed a kobold demonologist
   295 | D        | Noticed an orange demon
   298 | D        | Reached *** piety under Trog
   299 | D        | Reached skill level 10 in Armour
   301 | D        | Noticed a neqoxec
   301 | D        | Killed a kobold demonologist
   305 | D        | Killed a kobold demonologist
   306 | D        | Reached XP level 8. HP: 82/82 MP: 7/7
   342 | D        | Noticed Sonja
   343 | D        | Sonja changed into Sonja the naga
   343 | D        | Noticed Sonja
   354 | D        | Killed Sonja the naga
   354 | D        | Reached **** piety under Trog
   374 | D        | Found Yguack's Weapon Boutique.
   519 | D        | Noticed a deep troll
   535 | D        | Killed a deep troll
   546 | D        | Found Cihem's Armour Emporium.
   553 | D        | Bought a +2 cloak of stealth for 215 gold pieces
   741 | D        | Noticed a centaur warrior
   742 | D        | Noticed a centaur warrior
   751 | D        | Killed a centaur warrior
   752 | D        | Reached skill level 5 in Throwing
   752 | D        | Reached XP level 9. HP: 35/93 MP: 8/8
   752 | D        | Killed a centaur warrior
   977 | D        | Killed a gargoyle
  1007 | D        | Noticed an oklob plant
  1013 | D        | Killed an oklob plant
  1052 | D        | Reached ***** piety under Trog
  1112 | D        | Reached XP level 10. HP: 104/104 MP: 9/9
  1121 | D        | Identified the +2 hand axe of Zatus {flame, rCorr Str+5}
                  | (Trog gifted it to you in the Dungeon)
  1121 | D        | Received a gift from Trog
  1125 | D        | Reached skill level 15 in Fighting
  1125 | D        | Reached skill level 15 in Axes
  1134 | D        | Reached skill level 15 in Armour
  1137 | D        | Reached ****** piety under Trog
  1139 | D        | Received a gift from Trog
  1162 | D        | Found Yttivot's Assorted Antiques.
  1162 | D        | Found Foolyzxe's Weapon Shop.
  1162 | D        | Found Ytzeg's Jewellery Boutique.
  1164 | D        | Found Geish's Weapon Emporium.
  1164 | D        | Found Ybubi's Book Shop.
  1164 | D        | Found Huoceock's Assorted Antiques.
  1164 | D        | Found Imoblar's General Store.
  1164 | D        | Found Udeulah's Distillery.
  1164 | D        | Found Wisopraxyo's Distillery.
  1164 | D        | Found Wabax's Jewellery Shoppe.
  1167 | D        | Bought a twisted copper amulet for 115 gold pieces
  1167 | D        | Bought a scroll labelled EQUAPO IFYNGUI for 23 gold pieces
  1168 | D        | Found Qeudann's Antique Armour Boutique.
  1169 | D        | Found Ziuteqy's Book Emporium.
  1169 | D        | Found Yhiloet's Distillery.
  1170 | D        | Found Caffuah's Jewellery Emporium.
  1171 | D        | Bought a scroll labelled YJAEFIXUPOAS for 27 gold pieces
  1171 | D        | Bought a scroll labelled EQUAPO IFYNGUI for 27 gold pieces
  1174 | D        | Bought a potion of heal wounds for 65 gold pieces
  1174 | D        | Bought a potion of might for 52 gold pieces
  1174 | D        | Bought a potion of might for 52 gold pieces
  1179 | D        | Bought an amulet of regeneration for 330 gold pieces
  1192 | D        | Bought a marble ring for 135 gold pieces
  1196 | D        | Bought a +1 antimagic hand axe for 224 gold pieces
  1203 | D        | Bought a kite shield for 112 gold pieces
  1203 | D        | Bought a pair of runed boots for 187 gold pieces
  1293 | D        | Noticed a demonic crawler
  1293 | D        | Noticed a demonic crawler
  1293 | D        | Noticed a demonic crawler
  1293 | D        | Noticed a demonic crawler
  1296 | D        | Killed a demonic crawler
  1297 | D        | Reached skill level 1 in Shields
  1298 | D        | Killed a demonic crawler
  1305 | D        | Killed a demonic crawler
  1307 | D        | Killed a demonic crawler
  1363 | D        | Noticed a lindwurm
  1368 | D        | Killed a lindwurm
  1412 | D        | Reached skill level 5 in Shields
  1419 | D        | Reached XP level 11. HP: 114/114 MP: 10/10
  1420 | D        | Received a gift from Trog
  1428 | D        | Reached skill level 10 in Throwing
  1461 | D        | Noticed a 12-headed hydra
  1464 | D        | Killed a nine-headed hydra
  1464 | D        | Paralysed by a floating eye for 4 turns
  1628 | D        | Noticed a deep elf annihilator
  1638 | D        | Received a gift from Trog
  1645 | D        | Noticed a mummy priest
  1649 | D        | Killed a deep elf annihilator
  1651 | D        | Noticed an oklob plant
  1655 | D        | Received a gift from Trog
  1742 | D        | Noticed a flayed ghost
  1826 | D        | Noticed the 27-headed Lernaean hydra
  1836 | D        | HP: 7/175 [the 23-headed Lernaean hydra (3)]
  1836 | D        | Slain by the 23-headed Lernaean hydra

Illustrated notes

Levels and vault maps discovered:
D:        dungeon_sprint_1 [red_sonja_temple_1, red_sonja_temple_small_1]

Skill      XL: |  1  2  3  4  5  6  7  8  9 10 11 |
---------------+----------------------------------+-----
Fighting       | 5 6 8 9 10 11 13 14 16 17 | 17.4
Axes           | 5 6 8 9 10 11 13 14 16 17 | 17.4
Armour         | 4 6 8 9 11 13 14 16 17 | 17.3
Evocations     | 2 4 5 6 7 8 |  8.0
Throwing       | 5 7 9 10 | 10.0
Shields        | 5 9 |  9.1
Dodging        | |  2.1

Action                     |  1- 3 |  4- 6 |  7- 9 | 10-12 || total
---------------------------+-------+-------+-------+-------++-------
  Melee: Unarmed           |     9 |       |       |       ||     9
         Hand axe          |     4 |    12 |    44 |       ||    60
         Headbutt          |     1 |     6 |    12 |    16 ||    35
         Battleaxe         |       |       |    15 |     7 ||    22
         Broad axe         |       |       |       |    65 ||    65
  Throw: Dart              |       |       |       |     2 ||     2
 Invoke: Berserk           |     2 |     3 |     6 |     6 ||    17
         Brothers in Arms  |       |       |       |     4 ||     4
  Evoke: Wand              |       |       |     3 |     1 ||     4
    Use: Scroll            |       |       |     3 |       ||     3
         Potion            |       |       |     1 |     3 ||     4
 Armour: Scale mail        |       |       |    24 |   131 ||   155
  Dodge: Dodged            |     3 |     2 |    16 |    45 ||    66
  Block: Kite shield       |       |       |       |    43 ||    43

Table legend: (Time is in decaauts)
 A = Elapsed time spent in this place.
 B = Non-inter-level travel time spent in this place.
 C = Inter-level travel time spent in this place.
 D = Time resting spent in this place.
 E = Time spent auto-exploring this place.
 F = Levels seen in this place.
 G = Mean time per level.
                   A        B        C        D        E       F      G
               +--------+--------+--------+--------+--------+-----+--------+
         Total |   1966 |   1966 |      0 |    929 |      0 |   1 | 1966.0 |
       Dungeon |   1966 |   1966 |      0 |    929 |      0 |   1 | 1966.0 |
               +--------+--------+--------+--------+--------+-----+--------+

Top non-repeatable levels by time:
       D: 1966 daAuts
